 Dungeon Crawl Stone Soup version 0.32-a0-576-g706899e69d (webtiles) character file.

Game seed: 14207637645577603366

174589 jasper the Severer (level 17, -9/157 HPs)
             Began as a Mountain Dwarf Cinder Acolyte on Feb 29, 2024.
             Was a High Priest of Uskayaw.
             Mangled by a salamander tyrant (28 damage)
             ... on level 4 of the Snake Pit on Mar 1, 2024.
             The game lasted 00:53:29 (28078 turns).

jasper the Severer (Mountain Dwarf Cinder Acolyte) Turns: 28078, Time: 00:53:29

Health: -9/157     AC: 40    Str: 25    XL:     17   Next: 45%
Magic:  25/29      EV:  5    Int: 15    God:    Uskayaw [*****.]
Gold:   1469       SH: 11    Dex:  5    Spells: 18/18 levels left

rFire   . . .        J - +4 broad axe (elec)
rCold   + . .        n - +0 kite shield {reflect}
rNeg    + . .        s - +4 crystal plate armour {rC+}
rPois   +            Q - +2 helmet of Reason {Will++}
rElec   +            u - +0 cloak
rCorr   .            T - +2 pair of gloves of Jutesche {Regen+ Stlth+}
SInv    .            H - +2 pair of boots {rampage}
Will    ++++.        W - amulet of Doedgh {Faith rElec rF+ rN+} Stlth
                     P - ring of willpower
HPRegen 1.26/turn    D - ring of poison resistance
MPRegen 0.21/turn

%: reflection, rampage, faith
@: lethally poisoned (-9 -> -10), weakened
A: runic magic, artefact enchanting, heat vulnerability 1
a: Renounce Religion, Stomp, Line Pass, Grand Finale


You were on level 4 of the Snake Pit.
You worshipped Uskayaw.
Uskayaw was most pleased with you.
You visited 6 branches of the dungeon, and saw 28 of its levels.
You also visited: Bailey, Ice Cave and Volcano.

You collected 3183 gold pieces.
You spent 1714 gold pieces at shops.

Inventory:

Hand Weapons
 J - a +4 broad axe of electrocution (weapon)
Missiles
 j - a throwing net
 p - 62 poisoned darts
 y - 13 boomerangs (quivered)
Armour
 n - a +0 kite shield of reflection (worn)
 s - a +4 crystal plate armour of cold resistance (worn)
 u - a +0 cloak (worn)
 H - a +2 pair of boots of rampaging (worn)
 Q - the +2 helmet of Reason (worn) {Will++}
   (You bought it in a shop on level 2 of the Orcish Mines)

   Will++:    It greatly increases your willpower.
 T - the +2 pair of gloves of Jutesche (worn) {Regen+ Stlth+}
   (You bought it in a shop on level 12 of the Dungeon)

   Regen+:    It increases your rate of health regeneration.
   Stlth+:    It makes you more stealthy.
Jewellery
 r - the ring of Piapner {rElec EV+5 Str+4 Int-4}
   (You took it off a hobgoblin on level 4 of the Dungeon)

   [ring of evasion]

   EV+5:      It affects your evasion (+5).
   Str+4:     It affects your strength (+4).
   Int-4:     It affects your intelligence (-4).
   rElec:     It insulates you from electricity.
 D - a ring of poison resistance (right hand)
 E - a +6 ring of intelligence
 K - an amulet of regeneration
 P - a ring of willpower (left hand)
 R - a ring of willpower
 U - a ring of resist corrosion
 W - the amulet of Doedgh (around neck) {Faith rElec rF+ rN+}
   (You found it in an ice cave)

   [amulet of faith]

   Faith:     It allows you to gain divine favour quickly.
   rF+:       It protects you from fire.
   rElec:     It insulates you from electricity.
   rN+:       It protects you from negative energy.
Wands
 d - a wand of polymorph (7)
 i - a wand of paralysis (27)
 t - a wand of flame (53)
 L - a wand of iceblast (17)
 Y - a wand of light (4)
Scrolls
 b - 6 scrolls of revelation
 f - 3 scrolls of vulnerability
 g - 14 scrolls of teleportation
 o - 4 scrolls of fear
 q - 3 scrolls of immolation
 v - 4 scrolls of fog
 B - a scroll of brand weapon
 G - 3 scrolls of summoning
 N - 6 scrolls of blinking
 X - 3 scrolls of poison
 Z - 3 scrolls of torment
Potions
 a - 6 potions of heal wounds
 c - 6 potions of mutation
 k - 2 potions of might
 l - 2 potions of enlightenment
 m - 3 potions of lignification
 w - a potion of attraction
 x - 4 potions of invisibility
 z - 3 potions of magic
 A - 4 potions of ambrosia
 C - 3 potions of resistance
 F - 4 potions of degeneration
 I - 6 potions of haste
 M - 5 potions of brilliance
 O - 3 potions of cancellation
 S - 2 potions of curing
Miscellaneous
 e - a box of beasts
 h - a phial of floods
 V - a lightning rod (4/4)


   Skills:
 + Level 15.6 Fighting
 - Level 18.0 Axes
 - Level 15.0 Armour
 - Level 15.0 Shields
 - Level 1.0 Spellcasting
 - Level 3.6 Fire Magic
 - Level 16.1 Invocations
 - Level 10.0 Evocations


You had 18 spell levels left.
You didn't know any spells.
Your spell library contained the following spells:

 Spells                   Type           Power      Damage    Failure   Level
 Scorch                   Fire           22%        2d5       28%         2
 Foxfire                  Conj/Fire      24%        2x1d5     36%         1
 Freeze                   Ice            0%         1d3       63%         1
 Sandblast                Erth           0%         2d4       63%         1
 Volatile Blastmotes      Fire/Tloc      12%        2d11      75%         3
 Cigotuvi's Dreadful Rot  Necr/Alch/Air  0%         N/A       77%         2
 Jinxbite                 Hex            0%         N/A       77%         2
 Lesser Beckoning         Tloc           0%         N/A       77%         2
 Static Discharge         Conj/Air       0%         3-3/arc   77%         2
 Frozen Ramparts          Ice            0%         1d1       94%         3
 Gell's Gravitas          Tloc           0%         N/A       94%         3
 Hailstorm                Conj/Ice       0%         3d5       94%         3
 Passwall                 Erth           0%         N/A       94%         3
 Stone Arrow              Conj/Erth      0%         3d7       94%         3
 Teleport Other           Tloc           0%         N/A       94%         3
 Ignite Poison            Fire/Alch      6%         N/A       98%         4
 Airstrike                Air            0%         2d(0-16)  100%        4
 Brom's Barrelling Bould  Conj/Erth      0%         2d3       100%        4
 Fulminant Prism          Conj/Alch      0%         3d5       100%        4
 Iskenderun's Mystic Bla  Conj/Tloc      0%         2d3       100%        4
 Passage of Golubria      Tloc           0%         N/A       100%        4
 Summon Lightning Spire   Summ/Air       0%         N/A       100%        4
 Freezing Cloud           Conj/Ice/Air   0%         6-21      100%        5
 Silence                  Hex/Air        0%         N/A       100%        5
 Yara's Violent Unravell  Hex/Alch       0%         3d3       100%        5
 Plasma Beam              Fire/Air       3%         2x1d13    100%        6
 Sculpt Simulacrum        Ice/Alch       0%         N/A       100%        6
 Starburst                Conj/Fire      3%         6d3       100%        6
 Enfeeble                 Hex            0%         N/A       100%        7
 Ozocubu's Refrigeration  Ice            0%         4d7       100%        7
 Lehudib's Crystal Spear  Conj/Erth      0%         10d2      100%        8
 Polar Vortex             Ice            0%         N/A       100%        9


Dungeon Overview and Level Annotations

Branches:
Dungeon (15/15)            Temple (1/1) D:6            Lair (5/5) D:11
  Swamp (0/4) Lair:2        Snake (4/4) Lair:2        Slime (1/5) Lair:5
    Orc (2/2) D:11            Elf (0/3) Orc:2        Vaults (0/5) D:13
 Depths (0/4) D:15         Bailey (visited)           IceCv (visited)
Volcano (visited)

Altars:
Ashenzari
Cheibriados
Dithmenos
Elyvilon
Fedhas
Gozag
Hepliaklqana
Kikubaaqudgha
Makhleb
Nemelex Xobeh
Okawaru
Qazlal
Ru
Sif Muna
Trog
Uskayaw
Vehumet
Wu Jian
Xom
Yredelemnul
Zin
The Shining One

Shops:
D:1 :(   D:12 [   D:15 ?   Orc:1 (   Orc:2 [:?:[

Annotations:
Lair:2 exclusion: oklob plant
Lair:3 2 transporters, Jasyk's ghost, journeyman DsFi
Lair:4 3 runed translucent doors, tigertrap's ghost, journeyman DgFi


Innate Abilities, Weirdness & Mutations

Your spellcasting is much less encumbered by armour.
You can use scrolls of enchantment on lesser artefacts.
You are vulnerable to heat. (rF-)


Message History

Uskayaw links your audience in an emotional bond!
You regained 15 hp, and now have 36/156 hp.
Aiming: Line Pass
Press: ? - help, Dir - move target You dance free of the naga warrior.
The naga warrior appears confused.
The naga appears confused.
The naga warrior appears confused.
The naga appears confused.
You feel sick.
The naga warrior roars a battlecry!
The salamander tyrant goes into a battle-frenzy!
You take 1 damage, and have 35/156 hp.
You now have 25/29 mp.
You strike the helpless naga from behind!
You hit the naga. Lightning courses through the naga!
You kill the naga!
You feel sick.
The naga sharpshooter mumbles some strange words.
The naga sharpshooter magically shoots a bolt.
You block the bolt with your +0 kite shield of reflection... and reflect it back!
The naga laughs at nothing.
You rampage towards the nagaraja!
You feel sick.
The salamander tyrant hits you but does no damage.
The naga sharpshooter casts a spell.
The naga sharpshooter magically shoots a bolt.
You block the bolt with your +0 kite shield of reflection... and reflect it back!
The naga warrior hits the naga with a +0 war axe!
The naga warrior hits the naga with a +0 mace!
The naga is killed!
The nagaraja spits poison at you.
The splash of poison hits you but does no damage.
You resist.
A naga comes into view. It is wielding a +0 battleaxe.
The naga shouts!
You barely miss the nagaraja. You barely miss the salamander tyrant.
You feel sick.
The naga warrior seems less confused. x2
The salamander tyrant gazes fiercely through you!
You feel as though you will be weak longer.
The salamander tyrant hits you!
* * * LOW HITPOINT WARNING * * *
You are engulfed in flames!!
You die...
Your body falls in perfect tune with the rhythm.

#......# #......#
#......#
####......#####.
................
#.............
...#N............
N.....N@........#
#####.N..).######
#..NN..# #..N.).#
#...)N.# #......#
#......######
.....#........#####
(.........#.......####


You could see a nagaraja (strong, catching breath, pain bonded), 3 naga
warriors, a naga sharpshooter (strong, pain bonded), a salamander tyrant
(strong, pain bonded), a salamander mystic (strong, pain bonded) and a naga.

Vanquished Creatures
  Nikola (Snake:1)
  Rupert (Snake:1)
  Frances (D:12)
  Gastronok (Lair:3)
  Donald (Snake:1)
  Agnes (D:15)
  5 nagarajas
  Aizul (Snake:1)
  2 orc warlords (Orc:1)
  Nessos (D:13)
  The ghost of zenocrate the Gouger, a journeyman FeSh of Ru (Snake:1)
  Snorg (D:13)
  An ettin (D:15)
  Josephine (D:13)
  A fire dragon (Volcano)
  2 hydras
  Fannar (Orc:1)
  A vault guard (D:12)
  A salamander tyrant (Snake:4)
  4 centaur warriors
  4 catoblepae
  11 anacondas
  5 ogre magi
  Erica (Orc:1)
  A dancing weapon (D:13)
  4 boulder beetles
  4 tengu warriors
  10 two-headed ogres
  6 shock serpents
  11 death yaks (Lair:5)
  A hell knight (D:15)
  9 naga warriors
  7 naga sharpshooters
  Urug (D:13)
  A salamander mystic (Snake:3)
  15 mana vipers
  2 bog bodies (IceCv)
  2 sea snakes (Snake:2)
  8 naga ritualists
  4 lindwurms
  4 orc knights
  2 necromancers (D:15)
  2 cyclopes
  3 manticores
  2 orc sorcerers
  13 ugly things
  4 salamanders
  3 guardian serpents
  30 black mambas
  6 cane toads
  11 naga magi
  An ice statue (IceCv)
  6 kobold demonologists
  2 unseen horrors
  2 rime drakes
  10 komodo dragons
  An anaconda simulacrum (IceCv)
  An ice devil (IceCv)
  2 tengu conjurers (D:15)
  A hornet (D:9)
  2 polar bears
  2 trolls
  13 blink frogs
  5 wraiths
  A dire elephant simulacrum (IceCv)
  A spriggan (Lair:2)
  63 yaks
  A shadow (D:10)
  4 basilisks
  5 wyverns
  A vampire (D:11)
  5 fire elementals
  8 vampire mosquitoes
  8 steam dragons
  Grum (D:9)
  2 wargs (Orc:1)
  2 death yak simulacra (IceCv)
  A swamp worm (Lair:2)
  4 harpy simulacra (IceCv)
  38 nagas
  A hydra simulacrum (IceCv)
  4 hell hounds
  2 acid dragons
  15 water moccasins
  An ice beast (D:7)
  17 orc warriors
  5 black bears
  2 laughing skulls (D:15)
  37 wolves
  31 ogres
  6 centaurs
  6 kobold brigands
  14 bullfrogs
  4 scorpions
  7 two-headed ogre simulacra (IceCv)
  2 cane toad simulacra (IceCv)
  18 killer bees
  2 elephant simulacra (IceCv)
  11 howler monkeys
  3 electric eels (Lair:2)
  7 jellies
  Crazy Yiuf (D:2)
  A hound (D:7)
  11 orc priests
  3 sleepcaps
  2 iguanas
  4 hell rats (Lair:5)
  17 orc wizards
  2 spriggan simulacra (IceCv)
  2 wolf simulacra (IceCv)
  4 troll simulacra (IceCv)
  11 gnolls (Bailey)
  9 adders
  9 naga simulacra (IceCv)
  2 shadow imps (D:6)
  17 white imps
  13 ufetubi
  5 ribbon worms
  A dart slug (D:4)
  98 orcs
  6 ball pythons
  13 endoplasms
  3 giant cockroaches
  8 hobgoblins
  4 jackals (D:4)
  5 quokkas
  7 bats
  8 frilled lizards
  8 goblins
  23 kobolds
  4 rats
  A spectral weapon (D:15)
906 creatures vanquished.

Vanquished Creatures (others)
  A steam dragon (Volcano)
1 creature vanquished.

Grand Total: 907 creatures vanquished

Notes
Turn   | Place    | Note
-------+----------+-------------------------------------------
     0 | D:1      | jasper the Mountain Dwarf Cinder Acolyte began the quest
                  | for the Orb.
     0 | D:1      | Reached XP level 1. HP: 19/19 MP: 2/2
    27 | D:1      | Found Ithronk's Antique Weapon Emporium.
    98 | D:1      | Reached skill level 4 in Axes
   146 | D:1      | Reached XP level 2. HP: 26/26 MP: 3/3
   362 | D:1      | Reached skill level 5 in Axes
   668 | D:1      | Found Gesmyopu's Book Shop.
   838 | D:2      | Reached XP level 3. HP: 28/31 MP: 4/4
  1459 | D:2      | Found a faded altar of an unknown god.
  1875 | D:2      | Found a runed translucent door.
  1876 | D:2      | Noticed Crazy Yiuf
  1885 | D:2      | Killed Crazy Yiuf
  1886 | D:2      | Reached skill level 6 in Axes
  1886 | D:2      | Reached XP level 4. HP: 19/38 MP: 5/5
  2403 | D:3      | Reached XP level 5. HP: 39/45 MP: 6/6
  2553 | D:3      | Reached skill level 7 in Axes
  3318 | D:4      | Found an opulent altar of Gozag.
  3616 | D:4      | Identified the ring of Piapner {rElec EV+5 Str+4 Int-4}
  3624 | D:4      | Reached skill level 1 in Shields
  3740 | D:4      | Found a basalt altar of Yredelemnul.
  3742 | D:4      | Found a white marble altar of Elyvilon.
  3742 | D:4      | Found a hazy altar of Hepliaklqana.
  3742 | D:4      | Found a stormy altar of Qazlal.
  3744 | D:4      | Found a glowing silver altar of Zin.
  3777 | D:5      | Entered Level 5 of the Dungeon
  3860 | D:5      | Reached XP level 6. HP: 48/51 MP: 7/7
  4022 | D:5      | Reached skill level 5 in Shields
  4358 | D:5      | Reached XP level 7. HP: 30/57 MP: 8/8
  4514 | D:5      | Reached skill level 8 in Axes
  4729 | D:6      | Reached skill level 9 in Axes
  4967 | D:6      | Found a staircase to the Ecumenical Temple.
  5301 | D:6      | Reached skill level 10 in Axes
  5301 | D:6      | Reached XP level 8. HP: 19/63 MP: 9/9
  5644 | D:6      | Found a glowing golden altar of the Shining One.
  6009 | D:7      | Found a shimmering blue altar of Sif Muna.
  6200 | D:7      | Reached skill level 11 in Axes
  7149 | D:8      | Reached skill level 12 in Axes
  7634 | D:8      | Found a flagged portal.
  7645 | Bailey   | Entered a bailey
  7974 | Bailey   | Noticed an orc knight
  7981 | Bailey   | Killed an orc knight
  7982 | Bailey   | Reached skill level 13 in Axes
  7982 | Bailey   | Reached XP level 9. HP: 70/70 MP: 10/10
  7982 | Bailey   | Upgraded the game from 0.32-a0-571-gec57dfcd37 to
                  | 0.32-a0-576-g706899e69d
  8196 | Bailey   | Acquired a +0 antimagic executioner's axe
  8370 | D:8      | Found an iron altar of Okawaru.
  8379 | D:8      | Reached skill level 14 in Axes
  8490 | D:8      | Reached skill level 1 in Armour
  9011 | D:9      | Noticed Grum
  9028 | D:9      | Killed Grum
  9029 | D:9      | Reached skill level 5 in Fighting
  9298 | D:9      | Found a blossoming altar of Fedhas.
  9401 | D:9      | Reached XP level 10. HP: 80/83 MP: 11/11
  9907 | D:10     | Entered Level 10 of the Dungeon
  9925 | D:10     | Reached skill level 5 in Armour
 10187 | D:10     | Noticed a cyan ugly thing
 10204 | D:10     | Killed a cyan ugly thing
 10208 | D:10     | Acquired a +2 broad axe of electrocution
 10239 | D:10     | Found a broken altar of Ashenzari.
 10746 | D:11     | Found a staircase to the Orcish Mines.
 10817 | D:11     | Found a staircase to the Lair.
 11391 | D:11     | Reached XP level 11. HP: 74/94 MP: 12/12
 12673 | D:12     | Found Seston's Antique Armour Shoppe.
 12681 | D:12     | Bought a pair of steaming gloves for 161 gold pieces
 12681 | D:12     | Identified the +0 pair of gloves of Jutesche {Regen+
                  | Stlth+} (You bought it in a shop on level 12 of the
                  | Dungeon)
 12737 | D:13     | Noticed Nessos
 12771 | D:13     | Killed Nessos
 12997 | D:13     | Noticed a white ugly thing
 13005 | D:13     | Noticed a centaur warrior
 13009 | D:12     | Killed a white ugly thing
 13069 | D:13     | Killed a centaur warrior
 13070 | D:13     | Reached skill level 10 in Shields
 13503 | D:13     | Noticed a centaur warrior
 13515 | D:13     | Killed a centaur warrior
 13521 | D:13     | Noticed Frances
 13552 | D:12     | Noticed a sixfirhy
 13553 | D:12     | Gained mutation: You are vulnerable to heat. (rF-) [a
                  | neqoxec]
 13570 | D:12     | Killed Frances
 13571 | D:12     | Reached skill level 10 in Fighting
 13571 | D:12     | Reached skill level 10 in Armour
 13626 | D:13     | Noticed a vault guard
 13629 | D:13     | Noticed Urug
 13647 | D:12     | Killed a vault guard
 13760 | Lair:1   | Entered Level 1 of the Lair of Beasts
 13801 | Lair:1   | Reached XP level 12. HP: 106/106 MP: 13/13
 13820 | Lair:1   | Reached skill level 15 in Axes
 14120 | Lair:1   | Found a frozen archway.
 14144 | IceCv    | Entered an ice cave
 14294 | IceCv    | Identified the amulet of Doedgh {Faith rElec rF+ rN+}
 14345 | IceCv    | Reached skill level 16 in Axes
 14710 | IceCv    | Reached skill level 17 in Axes
 15583 | Lair:2   | Reached skill level 18 in Axes
 15607 | Lair:2   | Found a staircase to the Snake Pit.
 15625 | Lair:2   | Found a transporter.
 15627 | Lair:2   | Found a transporter.
 15627 | Lair:2   | Noticed a boulder beetle
 15627 | Lair:2   | Noticed a boulder beetle
 16125 | Lair:2   | Reached XP level 13. HP: 116/116 MP: 14/14
 16212 | Lair:2   | Found a dark tunnel.
 16230 | Volcano  | Entered a volcano
 16383 | Volcano  | Noticed a fire dragon
 16402 | Volcano  | Killed a fire dragon
 16454 | Volcano  | Reached XP level 14. HP: 133/133 MP: 15/15
 16617 | Lair:2   | Found a staircase to the Swamp.
 17354 | Lair:2   | Reached skill level 15 in Fighting
 17714 | Lair:3   | Found a transporter.
 17715 | Lair:3   | Found a bloodstained altar of Trog.
 17717 | Lair:3   | Noticed Jasyk's ghost (journeyman DsFi)
 17723 | Lair:3   | Found a transporter.
 17727 | Lair:3   | Noticed Gastronok
 17743 | Lair:3   | Killed Gastronok
 18617 | Lair:4   | Noticed tigertrap's ghost (journeyman DgFi)
 18893 | Lair:4   | Found a runed translucent gate.
 18894 | Lair:4   | Found a runed translucent gate.
 18895 | Lair:4   | Found a runed translucent gate.
 19155 | Lair:5   | Entered Level 5 of the Lair of Beasts
 19234 | Lair:5   | Found a staircase to the Slime Pits.
 19306 | Slime:1  | Entered Level 1 of the Pits of Slime
 19306 | Slime:1  | Noticed a rockslime
 19306 | Slime:1  | Noticed an acid blob
 19306 | Slime:1  | Noticed an acid blob
 19306 | Slime:1  | Noticed an azure jelly
 20143 | Lair:5   | Reached XP level 15. HP: 40/141 MP: 16/16
 20145 | Lair:5   | Reached skill level 15 in Armour
 20880 | Orc:1    | Entered Level 1 of the Orcish Mines
 20964 | Orc:1    | Noticed Erica
 20975 | Orc:1    | Killed Erica
 20991 | Orc:1    | Noticed Fannar
 21027 | Orc:1    | Killed Fannar
 21306 | Orc:2    | Entered Level 2 of the Orcish Mines
 21736 | Temple   | Entered the Ecumenical Temple
 21761 | Temple   | Fell from the grace of Ignis
 21761 | Temple   | Became a worshipper of Uskayaw the Reveller
 21892 | Orc:2    | Reached * piety under Uskayaw
 21893 | Orc:2    | Reached ** piety under Uskayaw
 21895 | Orc:2    | Reached *** piety under Uskayaw
 21896 | Orc:2    | Reached **** piety under Uskayaw
 21902 | Orc:2    | Reached ***** piety under Uskayaw
 21910 | Orc:2    | Reached ****** piety under Uskayaw
 21987 | Orc:2    | Found Loucop's Book Emporium.
 21987 | Orc:2    | Found Ilar's Magic Scroll Shop.
 22031 | Orc:2    | Found Kacof's Antique Armour Shoppe.
 22040 | Orc:2    | Found a staircase to the Elven Halls.
 22075 | Orc:2    | Found Godder's Book Shop.
 22075 | Orc:2    | Found Paamuyc's Antique Armour Shoppe.
 22084 | Orc:2    | Bought a masterwork helmet for 247 gold pieces
 22084 | Orc:2    | Identified the +2 helmet of Reason {Will++} (You bought it
                  | in a shop on level 2 of the Orcish Mines)
 22084 | Orc:2    | Bought a steaming cloak for 247 gold pieces
 22084 | Orc:2    | Identified the -1 cloak of the Villain {Str+3} (You bought
                  | it in a shop on level 2 of the Orcish Mines)
 22096 | Orc:2    | Bought a scroll of teleportation for 45 gold pieces
 22096 | Orc:2    | Bought a scroll of immolation for 60 gold pieces
 22096 | Orc:2    | Bought a scroll of enchant armour for 112 gold pieces
 22096 | Orc:2    | Bought 3 scrolls of revelation for 337 gold pieces
 22096 | Orc:2    | Bought a scroll of immolation for 60 gold pieces
 22096 | Orc:2    | Bought a scroll of teleportation for 45 gold pieces
 22321 | Orc:1    | Found Bozorapt's Antique Weapon Boutique.
 22403 | Orc:1    | You fall into a shaft and drop 1 floor!
 22581 | D:13     | Killed Urug
 22855 | D:13     | Found a gate to the Vaults.
 22864 | D:13     | Noticed Snorg
 22874 | D:13     | Killed Snorg
 23050 | D:13     | Noticed Josephine
 23056 | D:13     | Killed Josephine
 23403 | D:14     | Reached skill level 15 in Shields
 23606 | D:14     | Found a shadowy altar of Dithmenos.
 23999 | D:14     | Reached skill level 5 in Invocations
 24085 | D:15     | Entered Level 15 of the Dungeon
 24133 | D:15     | Reached XP level 16. HP: 149/149 MP: 21/21
 24163 | D:15     | Noticed Agnes
 24170 | D:15     | Killed Agnes
 24422 | D:15     | Found an ornate altar of the Wu Jian Council.
 24547 | D:15     | Found Fateicyh's Magic Scroll Emporium.
 24557 | D:15     | Bought a scroll of fear for 44 gold pieces
 24557 | D:15     | Bought a scroll of enchant weapon for 82 gold pieces
 24557 | D:15     | Bought a scroll of revelation for 82 gold pieces
 24557 | D:15     | Bought a scroll of enchant weapon for 82 gold pieces
 24557 | D:15     | Bought a scroll of fog for 44 gold pieces
 24557 | D:15     | Bought a scroll of teleportation for 33 gold pieces
 24557 | D:15     | Bought a scroll of teleportation for 33 gold pieces
 24614 | D:15     | Found a staircase to the Depths.
 24624 | D:15     | Reached skill level 10 in Invocations
 25096 | Snake:1  | Entered Level 1 of the Snake Pit
 25111 | Snake:1  | Noticed Nikola
 25132 | Snake:1  | Killed Nikola
 25138 | Snake:1  | Noticed Rupert
 25144 | Snake:1  | Killed Rupert
 25240 | Snake:1  | You fall into a shaft and drop 1 floor!
 25324 | Snake:1  | Found a large runed translucent door.
 25324 | Snake:1  | Found a large runed translucent door.
 25494 | Snake:1  | Noticed zenocrate's ghost (journeyman FeSh)
 25530 | Snake:1  | Identified the serpent talisman "Noigul" {+Blink rF- Will+
                  | Int-5 Dex+2}
 25530 | Snake:1  | Noticed Aizul
 25539 | Snake:1  | Killed Aizul
 25733 | Snake:1  | Reached skill level 15 in Invocations
 25817 | Snake:1  | Noticed Donald
 25829 | Snake:1  | Killed Donald
 26007 | Snake:1  | You fall into a shaft and drop 1 floor!
 26098 | Snake:2  | Reached skill level 1 in Evocations
 26328 | Snake:2  | Reached skill level 5 in Evocations
 26349 | Snake:2  | You fall into a shaft and drop 1 floor!
 26397 | Snake:3  | Reached XP level 17. HP: 120/156 MP: 29/29
 26872 | Snake:1  | Killed zenocrate's ghost
 27162 | Snake:2  | You fall into a shaft and drop 1 floor!
 27162 | Snake:3  | Was forgiven by Ignis
 27966 | Snake:4  | Entered Level 4 of the Snake Pit
 27975 | Snake:4  | Reached skill level 10 in Evocations
 28078 | Snake:4  | Mangled by a salamander tyrant

Illustrated notes

Levels and vault maps discovered:
D:1:      nicolae_arrival_washed_ashore, layout_rooms, serial_shops, shop,
          nicolae_shop_trees, interstate_on_off
D:2:      layout_basic, hellmonk_ecumenical_altar_leap_of_faith,
          uniq_crazy_yiuf_cottage
D:3:      layout_basic, minmay_quantized
D:4:      layout_basic, grunt_gozag_statues, minitemple
D:5:      layout_cave_pools, minmay_quadrilaterals
D:6:      layout_basic, mainiacjoe_overflow_concentric_impassable,
          minmay_temple_entry_enclosed_plants
D:7:      layout_rooms, mainiacjoe_overflow_small_starburst
D:8:      layout_loops_corners, mainiacjoe_overflow_paths, enter_bailey_5
D:9:      layout_cave_pods, fedhas_ov_isle_minmay, serial_glass,
          glass_columns_a, glass_columns_a, glass_columns_a, glass_columns_c,
          glass_columns_c, glass_columns_a, abandoned_shop, uniq_grum
D:10:     layout_gridville, cheibrodos_ashenzari_chains
D:11:     layout_basic, grunt_lair_entry_orc_guard_hut, hiddenorc2_lemuel,
          nicolae_the_louvre
D:12:     layout_gridville, serial_shops, shop
D:13:     layout_loops_ring, erik_vaults_1, uniq_urug, uniq_frances,
          uniq_josephine, uniq_snorg, uniq_nessos
D:14:     layout_basic, grunt_dithmenos_smoke
D:15:     hangedman_depths_entry_civil_slaughter, layout_basic, serial_shops,
          shop, pdpol_wu_jian_five_deadly_venoms, uniq_agnes
Temple:   nicolae_temple_ecumenical_triangle
Lair:1:   layout_cave_pods, portal_ice_cave_entry_imps, grunt_megastairs_3,
          lemuel_fruit_tree
Lair:2:   gammafunk_boulding_lane, layout_layer_cave,
          nicolae_swamp_entry_splash_gauntlet, guppyfry_snake_entry_island,
          enter_volcano_3, wad_woods_03, serial_bayou_shore_a
Lair:3:   layout_hall_layers, gammafunk_ghost_wrathful_warriors,
          grunt_megastairs_5, uniq_gastronok
Lair:4:   layout_long_grid, gammafunk_ghost_split, grunt_megastairs_4
Lair:5:   evilmike_catoblepas_cave, layout_layer_cave,
          nicolae_slime_entry_slimehenge
Snake:1:  layout_rooms, ebering_ghost_disaster_area, uniq_nikola, uniq_donald,
          uniq_rupert, uniq_aizul
Snake:2:  hangedman_cross_veins, layout_misc_corridors, serial_bayou_pond_b
Snake:3:  layout_grid_maze
Snake:4:  minmay_snake_end_coiled, layout_grid_shapes, serial_shops, shop
Slime:1:  layout_caves
Orc:1:    layout_caves, serial_shops, nicolae_shop_trees, uniq_erica,
          uniq_fannar
Orc:2:    st_orc_ogre_mass, layout_caves, serial_shops, shop

Skill      XL: |  1  2  3  4  5  6  7  8  9 10 11 12 13 14 15 16 17 |
---------------+----------------------------------------------------+-----
Axes           | 4 5 6 7 10 13 14 18 | 18.0
Shields        | 3 5 7 9 10 15 | 15.0
Armour         | 4 7 10 14 15 | 15.0
Fighting       | 5 8 10 11 14 15 | 15.6
Invocations    | 7 16 | 16.1
Evocations     | 5 10 | 10.0
Spellcasting   | |  1.0
Fire Magic     | |  3.6

Action                     |  1- 3 |  4- 6 |  7- 9 | 10-12 | 13-15 | 16-18 || total
---------------------------+-------+-------+-------+-------+-------+-------++-------
  Melee: Hand axe          |   115 |   192 |   521 |    56 |       |       ||   884
         Broad axe         |       |       |       |   603 |   776 |   574 ||  1953
  Throw: Boomerang         |    43 |    39 |    40 |    14 |     9 |       ||   145
         Stone             |       |       |     8 |       |       |       ||     8
 Invoke: Fiery Armour      |     1 |       |     2 |     1 |     1 |       ||     5
         Grand Finale      |       |       |       |       |     1 |     5 ||     6
         Stomp             |       |       |       |       |       |     2 ||     2
         Line Pass         |       |       |       |       |       |     2 ||     2
  Evoke: Wand              |       |       |     7 |     2 |       |       ||     9
         Phial of floods   |       |       |       |       |       |     1 ||     1
    Use: Scroll            |       |    16 |     6 |    12 |     3 |     4 ||    41
         Potion            |       |       |     1 |     9 |     1 |     1 ||    12
   Stab: Paralysed         |       |       |     1 |     4 |    32 |   114 ||   151
         Petrified         |       |       |       |       |     6 |       ||     6
         Petrifying        |       |       |       |       |     3 |       ||     3
         Sleeping          |       |       |       |       |       |     2 ||     2
         Confused          |       |       |       |       |       |     1 ||     1
 Armour: Robe              |    16 |       |       |       |       |       ||    16
         Leather armour    |    55 |       |       |       |       |       ||    55
         Ring mail         |    27 |   109 |    31 |       |       |       ||   167
         Pearl dragon scal |       |       |   218 |   382 |       |       ||   600
         Scale mail        |       |       |     2 |       |       |       ||     2
         Crystal plate arm |       |       |       |   133 |   736 |   541 ||  1410
  Dodge: Dodged            |    59 |    97 |   239 |   376 |   180 |    42 ||   993
  Block: Kite shield       |    22 |    60 |   207 |   377 |   412 |   279 ||  1357
         Buckler           |       |       |       |     4 |       |       ||     4
         Reflection        |       |       |       |       |       |    11 ||    11

Table legend: (Time is in decaauts)
 A = Elapsed time spent in this place.
 B = Non-inter-level travel time spent in this place.
 C = Inter-level travel time spent in this place.
 D = Time resting spent in this place.
 E = Time spent auto-exploring this place.
 F = Levels seen in this place.
 G = Mean time per level.
                   A        B        C        D        E       F      G
               +--------+--------+--------+--------+--------+-----+--------+
         Total |  27768 |  26164 |   1604 |   2474 |  18219 |  31 |  895.7 |
       Dungeon |  15879 |  14864 |   1015 |   1928 |  10060 |  15 | 1058.6 |
        Temple |     38 |     25 |     13 |      0 |      0 |   1 |   38.0 |
          Lair |   5861 |   5547 |    314 |     32 |   4499 |   5 | 1172.2 |
     Snake Pit |   2869 |   2745 |    124 |      8 |   2034 |   4 |  717.2 |
    Slime Pits |      1 |      1 |      0 |      0 |      0 |   1 |    1.0 |
  Orcish Mines |   1342 |   1206 |    136 |    199 |    733 |   2 |  671.0 |
        Bailey |    621 |    621 |      0 |    267 |    170 |   1 |  621.0 |
      Ice Cave |    855 |    855 |      0 |     40 |    529 |   1 |  855.0 |
       Volcano |    299 |    299 |      0 |      0 |    192 |   1 |  299.0 |
               +--------+--------+--------+--------+--------+-----+--------+

Top non-repeatable levels by time:
  Lair:5: 1579 daAuts
  Lair:2: 1541 daAuts
    D:13: 1433 daAuts
     D:6: 1392 daAuts
    D:12: 1351 daAuts
    D:11: 1296 daAuts
     D:3: 1219 daAuts
     D:2: 1176 daAuts
     D:7: 1114 daAuts
     D:8: 1091 daAuts
     D:9: 1087 daAuts
  Lair:1: 999 daAuts
 Snake:3: 930 daAuts
 Snake:1: 926 daAuts
     D:5: 912 daAuts
